 Dungeon Crawl Stone Soup version 0.28-a0-1518-gbe868bca14 (webtiles) character file.

Game seed: 13496282406650211555

8 knot the Chopper (level 2, 23/24 HPs)
             Began as a Demonspawn Berserker on Jan 17, 2022.
             Was a Follower of Trog.
             Quit the game on level 1 of the Dungeon.
             The game lasted 00:00:15 (439 turns).

knot the Chopper (Demonspawn Berserker)              Turns: 439, Time: 00:00:16

Health: 23/24      AC:  2    Str: 17    XL:     2   Next: 0%
Magic:  2/2        EV: 12    Int: 10    God:    Trog [*.....]
Gold:   0          SH:  0    Dex: 12    Spells: 1/1 levels left

rFire   . . .      SeeInvis .   a - +0 hand axe
rCold   . . .      Faith    .   (no shield)
rNeg    . . .      Spirit   .   b - +0 animal skin
rPois   .          Reflect  .   (no helmet)
rElec   .          Harm     .   (no cloak)
rCorr   .          Rampage  .   (no gloves)
Will    .....                   (no boots)
Stlth   +.........              (no amulet)
HPRegen 0.08/turn               (no ring)
MPRegen 0.08/turn               (no ring)

@: no status effects
A: big brain 1
a: Renounce Religion, Berserk


You were on level 1 of the Dungeon.
You worshipped Trog.
Trog was aware of your devotion.
You visited 1 branch of the dungeon, and saw 1 of its levels.

Inventory:

Hand Weapons
 a - a +0 hand axe (weapon)
Missiles
 e - 2 stones (quivered)
Armour
 b - a +0 animal skin (worn)
Scrolls
 c - a scroll of fear {unknown}
 d - a scroll of enchant armour {unknown}
 f - a scroll of immolation {unknown}


   Skills:
 - Level 3.0 Fighting
 + Level 3.2 Axes
 - Level 1.7 Armour
 - Level 1.7 Dodging


You had one spell level left.
You didn't know any spells.
Your spell library was empty.

Dungeon Overview and Level Annotations

Branches:
Dungeon (1/15)

Altars:


Innate Abilities, Weirdness & Mutations

You have an unusually large brain. (Int +2)


Message History

You kill the rat!
Trog accepts your kill.
No target in view!
No target in view!
No target in view!
f - a scroll labelled HANWEBR PU HAO No target in view!
A bat comes into view.
A bat is nearby!
The bat completely misses you. The bat hits you but does no damage.
You closely miss the bat. The bat barely misses you.
The bat hits you but does no damage. The bat barely misses you.
You barely miss the bat. The bat barely misses you. The bat closely misses you.
The bat hits you but does no damage.
You barely miss the bat. The bat closely misses you. The bat misses you.
The bat barely misses you.
You hit the bat.
You kill the bat!
Trog accepts your kill.
No target in view!
No target in view!
You open the door.
There is an open door here.
You open the door.
Found a faded altar of an unknown god.
No target in view!
There is an open door here.
A ball python comes into view.
The ball python bites you. The ball python grabs you.
The ball python constricts you.
You closely miss the ball python. The ball python barely misses you.
The ball python constricts you.
You slash the ball python!
You kill the ball python!
Trog accepts your kill.
You have reached level 2!
Your demonic ancestry asserts itself...
Your brain expands.
Are you sure you want to abandon this character and quit the game? (Confirm with "yes".)

......... #.......# #
#.......# ..
+.......#
.#.#.......#
...........+
#...†...# #.@#
#..####### #.........
#.# #..#######
####.######..#######.
....................
#......##..#######.
#.......#..#
#.......#.##


There were no monsters in sight!

Vanquished Creatures
  A hobgoblin (D:1)
  A ball python (D:1)
  2 bats (D:1)
  A frilled lizard (D:1)
  2 kobolds (D:1)
  2 rats (D:1)
9 creatures vanquished.

Notes
Turn   | Place    | Note
-------+----------+-------------------------------------------
     0 | D:1      | knot the Demonspawn Berserker began the quest for the Orb.
     0 | D:1      | Reached XP level 1. HP: 18/18 MP: 1/1
   416 | D:1      | Found a faded altar of an unknown god.
   439 | D:1      | Gained mutation: You have an unusually large brain. (Int
                  | +2) [demonic ancestry]
   439 | D:1      | Reached XP level 2. HP: 23/24 MP: 2/2
   439 | D:1      | Quit the game

Illustrated notes

Levels and vault maps discovered:
D:1:      roderic_crossed_star, layout_basic,
          hellmonk_ecumenical_altar_inner_sanctum

Skill      XL: |  1 |
---------------+----+-----
Axes           | 3 |  3.2
Fighting       | |  3.0
Armour         | |  1.7
Dodging        | |  1.7

Action                   || total
-------------------------++-------
Melee: Hand axe          ||    24
Armor: Animal skin       ||    10
Dodge: Dodged            ||    22

Table legend: (Time is in decaauts)
 A = Elapsed time spent in this place.
 B = Non-inter-level travel time spent in this place.
 C = Inter-level travel time spent in this place.
 D = Time resting spent in this place.
 E = Time spent auto-exploring this place.
 F = Levels seen in this place.
 G = Mean time per level.
                   A        B        C        D        E       F      G
               +--------+--------+--------+--------+--------+-----+--------+
         Total |    442 |    442 |      0 |      0 |    372 |   1 |  442.0 |
       Dungeon |    442 |    442 |      0 |      0 |    372 |   1 |  442.0 |
               +--------+--------+--------+--------+--------+-----+--------+

Top non-repeatable levels by time:
     D:1: 442 daAuts
